 Dungeon Crawl Stone Soup version 0.26.1-10-gdfb7c7de75 (webtiles) character file.

Game seed: 13375866310168584556

669 sankara the Chucker (level 7, 0/70 HPs)
             Began as a Troll Hunter on Apr 7, 2021.
             Was a Follower of Zin.
             Slain by a scorpion (9 damage)
             ... on level 4 of the Dungeon.
             The game lasted 00:12:24 (3317 turns).

sankara the Chucker (Troll Hunter)                  Turns: 3317, Time: 00:12:25

Health: 0/70       AC:  5    Str: 21    XL:     7   Next: 32%
Magic:  6/6        EV: 11    Int:  7    God:    Zin [*.....]
Gold:   177        SH:  0    Dex: 12    Spells: 6/6 levels left

rFire    . . .     SeeInvis .   a - +0 flail
rCold    . . .     Faith    .   (no shield)
rNeg     . . .     Spirit   .   j - +2 robe {Will+}
rPois    .         Reflect  .   (helmet restricted)
rElec    .         Harm     .   i - +0 cloak
rCorr    .         Rampage  .   (gloves unavailable)
Will     +....     Rnd*Tele +   (boots unavailable)
Stlth    +.........             (no amulet)
HPRegen  0.61/turn              k - ring of teleportation (curse)
MPRegen  0.10/turn              r - -4 ring of protection (curse)

@: lethally poisoned (0 -> -17)
A: large, unfitting armour, claws 3, regeneration 1, shaggy fur 1, tough skin 3
a: Renounce Religion, Recite, Donate Gold


You were on level 4 of the Dungeon.
You worshipped Zin.
Zin was aware of your devotion.
You visited 2 branches of the dungeon, and saw 5 of its levels.

You collected 196 gold pieces.
You donated 19 gold pieces to Zin.

Inventory:

Hand Weapons
 a - a +0 flail (weapon)
 x - a +0 mace
 z - a +0 short sword
Missiles
 c - 5 large rocks (quivered)
 d - 3 throwing nets
 h - 156 stones
 v - 23 sling bullets
Armour
 b - a +0 robe
 i - a +0 cloak (worn)
 j - a +2 robe of willpower (worn)
Jewellery
 k - a cursed ring of teleportation (left claw)
 r - a cursed -4 ring of protection (right claw)
 w - a +4 ring of slaying {unknown}
 A - a +6 ring of intelligence {unknown}
Wands
 n - a wand of polymorph (9)
 p - a wand of paralysis (8)
 u - a wand of flame (19)
 y - a wand of random effects (10)
Scrolls
 e - 2 scrolls of identify
 g - a scroll of fear
 m - a scroll of teleportation
 q - a scroll of magic mapping
Potions
 f - a potion of curing
 l - a potion of haste
 o - a potion of invisibility {unknown}
 s - a potion of mutation {unknown}
 t - a potion of lignification {unknown}


   Skills:
 - Level 4.0 Fighting
 + Level 1.4 Maces & Flails
 + Level 5.5 Throwing
 - Level 4.0 Dodging
 - Level 0.3 Stealth


You had 6 spell levels left.
You didn't know any spells.
Your spell library contained the following spells:

 Spells                   Type           Power        Failure   Level
 Cause Fear               Hex            0%           99%         4
 Leda's Liquefaction      Hex/Erth       0%           99%         4
 Yara's Violent Unravell  Hex/Tmut       0%           100%        5
 Hydra Form               Tmut           0%           100%        6


Dungeon Overview and Level Annotations

Branches:
Dungeon (4/15)             Temple (1/1) D:4

Altars:
Ashenzari
Cheibriados
Dithmenos
Elyvilon
Fedhas
Gozag
Kikubaaqudgha
Makhleb
Ru
Sif Muna
Vehumet
Wu Jian
Yredelemnul
Zin
The Shining One


Innate Abilities, Weirdness & Mutations

You are too large for most types of armour.
You have claws for hands.
Your natural rate of healing is unusually fast.
You are covered in fur. (AC +1)
You have extremely tough skin. (AC +3)


Message History

You hit the scorpion.
The scorpion is severely wounded.
You feel very sick. The worker ant barely misses you.
The orc wizard hits you but does no damage.
The scorpion stings you but does no damage.
The orc hits you with a cursed -3 hand axe.
The worker ant bites you.
* * * LOW HITPOINT WARNING * * *
You are lethally poisoned!
The worker ant poisons you!
You closely miss the scorpion.
The scorpion is severely wounded.
* * * LOW HITPOINT WARNING * * *
You feel very sick. The orc wizard casts a spell at you.
The puff of flame hits you!
* * * LOW HITPOINT WARNING * * *
The scorpion stings you!
You die...

*,,,,,,,,,,,,,*,,,,',,,,,,*,,,,,
*,,,,,,,,,,,,,'....#,,,,,,*,,,,,
*,,,,,,,,,,,,,#....#,,,,,,#.....
*,,,,,,,,,**,,#....####*,##.....
*,,,,,,,,,****#.......#*,#......
*,,,,,,,,,,,,,#......>#,,+......
*,,,,,,,,,,,,,#.......',,#......
*,,,,,,,,,,,,,#oo.....#,,#......
*,,,..........#@B.....#,,#......
*,,...........#s......#,,#......
*,............#.......#,,#......
*,............#.......#,,#......
*.............#.......#,,#......
#.............#.......#,,+......
#.............#.......#,,#......
#.............#.......#,,##.....
#........5....#.......#,,,#.....


You could see a scorpion, a worker ant, an orc wizard and an orc.

Vanquished Creatures
  Sigmund (D:3)
  Menkaure (D:3)
  2 lemures (D:4)
  A hound (D:3)
  A bullfrog skeleton (D:4)
  2 orc wizards
  An iguana (D:3)
  3 worker ants
  5 adders
  3 gnolls
  An ooze (D:3)
  3 worms
  3 dart slugs
  5 leopard geckos
  5 orcs
  6 bats
  2 bat zombies (D:2)
  5 giant cockroaches
  9 goblins
  10 hobgoblins
  8 jackals
  3 quokkas
  5 frilled lizards
  6 kobolds
  4 rats
  A rat zombie (D:2)
96 creatures vanquished.

Notes
Turn   | Place    | Note
-------+----------+-------------------------------------------
     0 | D:1      | sankara the Troll Hunter began the quest for the Orb.
     0 | D:1      | Reached XP level 1. HP: 19/19 MP: 0/0
   301 | D:1      | Reached XP level 2. HP: 28/28 MP: 1/1
   779 | D:2      | Found an ancient bone altar of Kikubaaqudgha.
   925 | D:2      | Reached skill level 4 in Throwing
   925 | D:2      | Reached XP level 3. HP: 31/35 MP: 2/2
  1330 | D:2      | Reached XP level 4. HP: 38/44 MP: 3/3
  1624 | D:3      | Noticed Sigmund
  1660 | D:3      | Killed Sigmund
  1661 | D:3      | Reached XP level 5. HP: 49/53 MP: 4/4
  1684 | D:3      | Reached XP level 6. HP: 44/61 MP: 5/5
  1879 | D:3      | Found an ornate altar of the Wu Jian Council.
  1921 | D:3      | Reached skill level 5 in Throwing
  2336 | D:3      | Identified Heff's Incunabulum of Hexes and Shape Shifting
  2817 | D:4      | Noticed Menkaure
  2846 | D:3      | Killed Menkaure
  2847 | D:3      | Reached skill level 1 in Maces & Flails
  2847 | D:3      | Reached XP level 7. HP: 12/68 MP: 6/6
  3100 | D:4      | Found a staircase to the Ecumenical Temple.
  3107 | Temple   | Entered the Ecumenical Temple
  3160 | Temple   | Became a worshipper of Zin the Law-Giver
  3160 | Temple   | Reached * piety under Zin
  3224 | D:4      | Found a snail-covered altar of Cheibriados.
  3317 | D:4      | Slain by a scorpion

Illustrated notes

Levels and vault maps discovered:
D:1:      arrival_zaba_pyramid, layout_basic, serial_curves, eino_curves_02,
          eino_curves_01
D:2:      layout_loops_ring, lemuel_zombie_altar_kikubaaqudgha, minmay_bisected
D:3:      layout_basic, nzn_wu_jian_contemplation, minmay_checkerbox,
          uniq_sigmund
D:4:      layout_gridville, cheibriados_altar_1,
          minmay_temple_entry_sparse_star, uniq_menkaure, uniq_pikel
Temple:   minmay_temple_bridge_abc

Skill      XL: |  1  2  3  4  5  6  7 |
---------------+----------------------+-----
Dodging        | 2 3 4 |  4.0
Fighting       | 2 3 4 |  4.0
Throwing       | 4 5 |  5.5
Maces & Flails | 1 |  1.4
Stealth        | |  0.3

Action                   |  1- 3 |  4- 6 |  7- 9 || total
-------------------------+-------+-------+-------++-------
Melee: Short sword       |   190 |   222 |       ||   412
       Flail             |       |    23 |    79 ||   102
  Use: Potion            |       |     3 |       ||     3
       Scroll            |       |       |     5 ||     5
 Stab: Sleeping          |     1 |     2 |       ||     3
Armor: Robe              |   150 |   109 |    44 ||   303
Dodge: Dodged            |   132 |   169 |    61 ||   362
